 Dungeon Crawl Stone Soup version 0.16-a0-3308-g116f5c4 (webtiles) character file.

629 BluebellGnoll the Basher (level 7, -2/72 HPs)
             Began as an Ogre Hunter on Dec 26, 2014.
             Slain by a killer bee (9 damage)
             ... on level 8 of the Dungeon.
             The game lasted 00:17:31 (4918 turns).

BluebellGnoll the Basher (Ogre Hunter)              Turns: 4918, Time: 00:17:31

Health: -2/72      AC:  3    Str: 18    XL:     7   Next: 48%
Magic:  7/7        EV: 10    Int: 17    God:
Gold:   222        SH:  0    Dex: 10    Spells: 0 memorised, 6 levels left

rFire  . . .     SeeInvis .     m - +0 mace
rCold  . . .     Clarity  .     d - +0 animal skin
rNeg   . . .     SustAb   .     (shield restricted)
rPois  .         Gourm    .     (helmet restricted)
rElec  .         Spirit   .     (no cloak)
rCorr  .         Warding  .     (gloves unavailable)
rMut   .         Stasis   .     (boots unavailable)
MR     .....                    (no amulet)
Stlth  ++........               (no ring)
                                B - ring of stealth

@: brilliant, lethally poisoned, flying, not resistant to hostile enchantments,
unstealthy
A: unfitting armour, tough skin 1
a: no special abilities


You were on level 8 of the Dungeon.
You were not hungry.

You visited 1 branch of the dungeon, and saw 6 of its levels.

You collected 222 gold pieces.

Inventory:

Hand weapons
 m - a +0 mace (weapon)
Missiles
 a - 74 stones (quivered)
 j - 6 curare-tipped needles
 y - 24 poisoned needles
 D - 13 tomahawks
Armour
 d - a +0 animal skin (worn)
Jewellery
 r - an uncursed ring of teleportation
 B - a ring of stealth (left hand)
 C - an uncursed ring of fire
 F - an uncursed amulet of regeneration
Scrolls
 c - 2 scrolls of teleportation {unknown}
 h - 3 scrolls of remove curse
 i - 2 scrolls of enchant weapon {unknown}
 l - 5 scrolls of identify {unknown}
 s - 2 scrolls of recharging {unknown}
 w - a scroll of fog {unknown}
 x - a scroll of noise {unknown}
 z - a scroll of fear {unknown}
Potions
 e - a potion of magic
 o - 2 potions of heal wounds {unknown}
 q - a potion of flight
 u - a potion of invisibility {unknown}
 v - a potion of resistance {unknown}
 A - a potion of might {unknown}
Comestibles
 f - 6 meat rations
 n - 7 fruits
 t - 4 bread rations
 E - 10 chunks of flesh


   Skills:
 * Level 5.0 Fighting
 - Level 8.1 Maces & Flails
 - Level 4.3 Throwing
 + Level 3.3 Dodging
 - Level 0.7 Stealth


You had 6 spell levels left.
You didn't know any spells.

Dungeon Overview and Level Annotations

Branches:
Dungeon (8/15)
 Temple: D:4-7         Lair: D:8-11

Altars:


Innate Abilities, Weirdness & Mutations

You are too large for most types of armour.
You have tough skin (AC +1).


Message History

You are poisoned.
The killer bee poisons you! The killer bee closely misses you.
Drink which item? (? for menu, Esc to quit)
It was a potion of flight.
You feel very buoyant.
You fly up into the air.
You feel sick. The killer bee stings you.
* * * LOW HITPOINT WARNING * * *
You are more poisoned.
The killer bee poisons you! The killer bee barely misses you.
Drink which item? (? for menu, Esc to quit)
It was a potion of magic.
Magic courses through your body.
You feel sick. The killer bee stings you.
* * * LOW HITPOINT WARNING * * *
The killer bee barely misses you.
Drink which item? (? for menu, Esc to quit)
It was a potion of brilliance.
You feel clever all of a sudden.
* * * LOW HITPOINT WARNING * * *
You feel sick. The killer bee stings you!
You die...

#.############
#....(?yy....+
######..#@..##
#yy#...#
#..#...#
#..##### #..
#.. #.. #


You could see 2 killer bees.

Vanquished Creatures
  3 killer bees (D:8)
  The ghost of Kemay the Insei, a weakling OpTm (D:3)
  2 orc priests
  A centaur skeleton (D:4)
  A giant frog skeleton (D:4)
  2 worker ants
  4 orc wizards
  A gnoll (D:1)
  3 adders
  2 worms (D:2)
  5 giant geckos
  4 oozes
  19 orcs
  3 bat skeletons (D:4)
  3 giant cockroaches
  6 goblins
  17 hobgoblins
  2 quokkas
  2 ball pythons
  9 bats
  4 giant newts
  16 jackals
  11 kobolds
  6 rats
127 creatures vanquished.

Notes
Turn   | Place    | Note
--------------------------------------------------------------
     0 | D:1      | BluebellGnoll, the Ogre Hunter, began the quest for the Orb.
     0 | D:1      | Reached XP level 1. HP: 22/22 MP: 1/1
   109 | D:1      | Reached XP level 2. HP: 21/32 MP: 2/2
   607 | D:1      | Reached skill level 1 in Maces & Flails
  1119 | D:2      | Reached XP level 3. HP: 12/39 MP: 3/3
  1510 | D:2      | Reached XP level 4. HP: 44/48 MP: 4/4
  2071 | D:3      | Noticed Kemay's ghost (weakling OpTm)
  2167 | D:3      | Killed Kemay's ghost
  2167 | D:3      | Reached skill level 5 in Maces & Flails
  2167 | D:3      | Reached XP level 5. HP: 54/54 MP: 5/5
  2725 | D:3      | Reached skill level 6 in Maces & Flails
  2828 | D:3      | Reached XP level 6. HP: 53/62 MP: 6/6
  2829 | D:3      | Reached skill level 7 in Maces & Flails
  4010 | D:4      | Reached skill level 8 in Maces & Flails
  4198 | D:4      | Reached XP level 7. HP: 63/70 MP: 7/7
  4870 | D:5      | Entered Level 5 of the Dungeon
  4891 | D:5      | You fall through a shaft for 3 floors!
  4906 | D:8      | Reached skill level 5 in Fighting
  4918 | D:8      | Slain by a killer bee

Action                   |  1- 3 |  4- 6 |  7- 9 || total
-------------------------+-------+-------+-------++-------
Melee: Short sword       |    28 |       |       ||    28
       Mace              |    72 |   238 |    54 ||   364
Throw: Large rock        |     4 |    18 |     7 ||    29
       Stone             |    21 |    44 |     2 ||    67
       Throwing net      |     2 |       |     2 ||     4
       Tomahawk          |       |    11 |    10 ||    21
       Javelin           |       |       |     5 ||     5
  Use: Scroll            |       |     1 |       ||     1
       Potion            |       |       |     4 ||     4
 Stab: Sleeping          |       |     1 |     1 ||     2
       Distracted        |       |     2 |       ||     2
  Eat: Chunk             |     2 |     9 |     2 ||    13
